Harfangs vs Atomiques
Created - 4 janvier 2015 at 19:57
Goals
|
Harfangs |
1 |
1 |
1 |
3 |
Atomiques |
1 |
1 |
0 |
2 |
|
Shots
|
Harfangs |
9 |
12 |
14 |
35 |
Atomiques |
13 |
13 |
6 |
32 |
|
1st period
1. Atomiques , Brad Winchester 18 (John Zeiler, Logan Couture) at 14:12 (PP)
2. Harfangs , Kyle Palmieri 9 (Brandon Pirri, Andrew Orpik) at 15:08
Penalties :
Chris Kreider (BEA) for High sticking (Minor) at 1:31, Peter Olvecky (BEA) for Hooking (Minor) at 14:01, Stefan Ruzicka (BEA) for Roughing (Minor) at 16:32
2nd period
3. Atomiques , Ryan Shannon 20 (Linus Omark, Scott Jackson) at 11:04 (PP)
4. Harfangs , Stefan Ruzicka 29 (Chris Kreider, Petri Kontiola) at 11:24
Penalties :
Chris Kreider (BEA) for Hooking (Minor) at 10:21, Scott Jackson (STB) for Interference (Minor) at 13:46, Petri Kontiola (BEA) for Interference (Minor) at 17:25
3rd period
5. Harfangs , Stefan Ruzicka 30 (Chris Kreider) at 10:37
Penalties :
Alexandre Picard (BEA) for Interference (Minor) at 15:10, Mac Bennett (STB) for Tripping (Minor) at 19:23
Goalie Stats
Robin Lehner (BEA), 30 saves from 32 shots - (0,938), W, 15-8-3, 60:00 minutes
Alex Auld (STB), 32 saves from 35 shots - (0,914), L, 17-8-0, 59:39 minutes
Players Stats for Harfangs
Player Name G A P +/- PIM S H SB GA TA FO MP PP MP PK MP
------------------------------------------------------------------------------------
Alex Killorn 0 0 0 0 0 1 4 1 1 0 4/13 14:29 1:10 0:00
Alexandre Picard 0 0 0 1 2 1 2 3 1 0 0/0 23:37 1:12 3:45
Andrew Orpik 0 1 1 1 0 0 1 2 0 3 0/0 14:40 0:00 1:10
Brandon Pirri 0 1 1 1 0 0 1 0 0 0 0/0 10:22 0:00 1:34
Chris Kreider 0 2 2 2 4 3 3 0 2 0 0/1 21:01 1:16 3:30
Drew Shore 0 0 0 0 0 4 2 0 0 0 2/4 13:04 0:00 2:31
Dustin Jeffrey 0 0 0 1 0 0 2 1 0 1 0/1 9:22 0:00 2:01
James Wisniewski 0 0 0 1 0 1 1 0 0 2 0/0 24:20 1:12 3:55
Kyle Palmieri 1 0 1 1 0 2 1 0 0 0 0/0 7:38 0:03 0:00
Mark Giordano 0 0 0 1 0 4 2 1 0 0 0/0 23:16 1:23 4:55
Michal Repik 0 0 0 0 0 0 0 0 0 0 0/0 10:52 0:12 0:00
Peter Olvecky 0 0 0 0 2 4 3 0 0 0 0/0 15:49 1:10 0:54
Petri Kontiola 0 1 1 2 2 1 3 0 1 0 23/40 21:29 1:22 4:08
Roman Wick 0 0 0 0 0 1 0 0 0 0 0/1 14:29 1:10 0:00
Sasha Pokulok 0 0 0 1 0 0 0 1 0 0 0/0 18:13 0:00 3:55
Stefan Ruzicka 2 0 2 2 2 10 1 3 0 0 2/4 17:41 1:22 0:00
Tomas Tatar 0 0 0 0 0 2 1 1 1 0 1/1 14:36 0:00 3:02
Victor Bartley 0 0 0 1 0 1 0 0 0 1 0/0 16:06 1:23 0:00
Players Stats for Atomiques
Player Name G A P +/- PIM S H SB GA TA FO MP PP MP PK MP
------------------------------------------------------------------------------------
Alexander Sulzer 0 0 0 -1 0 0 1 1 0 0 0/0 9:36 3:08 0:00
Andrew Kozek 0 0 0 0 0 2 1 1 1 0 0/0 12:09 0:07 0:34
Anthony Nigro 0 0 0 0 0 0 0 0 0 0 0/0 0:00 0:00 0:00
Brad Winchester 1 0 1 -3 0 6 1 0 0 1 2/4 22:29 4:43 1:13
Brett Sutter 0 0 0 0 0 3 1 0 1 0 3/4 7:28 0:00 0:00
Casey Borer 0 0 0 -1 0 0 1 1 0 0 0/0 21:57 3:08 1:46
Clayton Stoner 0 0 0 0 0 1 1 1 1 1 0/0 22:13 3:34 1:07
Davis Drewiske 0 0 0 0 0 0 0 0 0 0 0/0 2:21 1:28 0:00
Drew Larman 0 0 0 0 0 0 0 0 0 0 0/0 0:00 0:00 0:00
John McCarthy 0 0 0 0 0 0 0 0 0 0 0/0 0:00 0:00 0:00
John Zeiler 0 1 1 -3 0 1 3 1 0 0 2/2 21:44 4:43 0:29
Kenndal McArdle 0 0 0 0 0 2 0 0 0 0 0/0 8:42 0:00 0:53
Kyle Wharton 0 0 0 0 0 1 1 2 0 1 0/0 16:16 1:01 0:19
Linus Omark 0 1 1 0 0 4 1 0 0 0 0/0 18:39 4:00 1:32
Logan Couture 0 1 1 -3 0 4 2 2 1 0 12/33 21:44 4:43 0:29
Mac Bennett 0 0 0 0 2 0 0 0 0 0 0/0 9:54 0:59 0:19
Marc-André Cliche 0 0 0 0 0 0 1 0 1 0 6/7 10:54 0:00 0:00
Mike Halmo 0 0 0 0 0 0 0 0 0 0 0/0 0:00 0:00 0:00
Mitch Callahan 0 0 0 0 0 0 1 0 0 0 0/1 8:02 0:07 0:00
Nick Johnson 0 0 0 0 0 0 2 1 0 1 0/0 11:21 0:07 0:00
Roman Polak 0 0 0 -1 0 0 1 0 0 1 0/0 11:33 0:00 1:39
Ryan Shannon 1 0 1 0 0 5 1 0 1 1 0/1 17:06 4:00 0:00
Scott Jackson 0 1 1 -3 2 2 0 3 0 0 0/0 26:09 4:22 0:00
Tyler Brenner 0 0 0 0 0 1 3 1 1 0 8/13 17:06 4:00 0:00
3 Stars
1 - Stefan Ruzicka (BEA)
2 - Kyle Palmieri (BEA)
3 - Ryan Shannon (STB)
Power Play
Harfangs - 0 on 2 Attempt(s) - 0,00%
Atomiques - 2 on 6 Attempt(s) - 33,33%
Penalty Kill
Harfangs - 4 on 6 Attempt(s) - 66,67%
- Score 0 goal in Penalty Kill
Atomiques - 2 on 2 Attempt(s) - 100,00%
- Score 0 goal in Penalty Kill
Official
Referees : Peel Tim and Kowal Tom
Linesman : Derek Amell and Dan Schachte
Game Notes
Davis Drewiske is injured at 5:57 of 1st period (Chest/Ribs)
Alexander Sulzer is injured at 0:59 of 2nd period (Groin)
Finance
Level 1 -- Attendance: 1550 (77,50%) -- Ticket Income 54 250 $
Level 2 -- Attendance: 744 (74,40%) -- Ticket Income 11 160 $
Total Attendance: 2294 (76,47%)
Total Ticket Income: 65 410 $
Other Income: 3 270 $
Total Income: 68 680 $
Harfangs
5 vs 5 Forward
Center Left Wing Right Wing Time % Phy DF OF
1 Petri Kontiola Chris Kreider Stefan Ruzicka 40 1 2 2
2 Alex Killorn Peter Olvecky Roman Wick 30 1 2 2
3 Drew Shore Tomas Tatar Michal Repik 20 1 2 2
4 Brandon Pirri Dustin Jeffrey Kyle Palmieri 10 1 2 2
5 vs 5 Defense
Defense Defense Time % Phy DF OF
1 Alexandre Picard James Wisniewski 40 1 2 2
2 Mark Giordano Victor Bartley 30 1 2 2
3 Andrew Orpik Sasha Pokulok 20 1 2 2
4 Mark Giordano James Wisniewski 10 1 2 2
PowerPlay Forward
Center Left Wing Right Wing Time % Phy DF OF
1 Petri Kontiola Chris Kreider Stefan Ruzicka 60 1 2 2
2 Alex Killorn Peter Olvecky Roman Wick 40 1 2 2
PowerPlay Defense
Defense Defense Time % Phy DF OF
1 Alexandre Picard James Wisniewski 60 1 2 2
2 Mark Giordano Victor Bartley 40 1 2 2
Penalty Kill 4 Players Forward
Center Wing Time % Phy DF OF
1 Petri Kontiola Chris Kreider 60 1 2 2
2 Drew Shore Dustin Jeffrey 40 1 2 2
Penalty Kill 4 Players Defense
Defense Defense Time % Phy DF OF
1 Mark Giordano Alexandre Picard 60 1 2 2
2 Sasha Pokulok James Wisniewski 40 1 2 2
Penalty Kill - 3 Players Forward
Forward Time % Phy DF OF
1 Petri Kontiola 60 1 2 2
2 Drew Shore 40 1 2 2
Penalty Kill - 3 Players Defense
Defense Defense Time % Phy DF OF
1 Mark Giordano Alexandre Picard 60 1 2 2
2 Sasha Pokulok James Wisniewski 40 1 2 2
4 vs 4 Forward
Center Wing Time % Phy DF OF
1 Stefan Ruzicka Petri Kontiola 60 1 2 2
2 Alex Killorn Peter Olvecky 40 1 2 2
4 vs 4 Defense
Defense Defense Time % Phy DF OF
1 Alexandre Picard Mark Giordano 60 1 2 2
2 Sasha Pokulok James Wisniewski 40 1 2 2
Last Minutes Offensive
Center Left Wing Right Wing Defense Defense
Petri Kontiola Chris Kreider Stefan Ruzicka Mark Giordano James Wisniewski
Last Minutes Defensive
Center Left Wing Right Wing Defense Defense
Petri Kontiola Peter Olvecky Stefan Ruzicka Mark Giordano Alexandre Picard
Goaltenders
Starting : Robin Lehner
Backup : Peter Budaj
Extra Forwards
Normal : Stefan Ruzicka, Michal Repik, Tomas Tatar - PP : Stefan Ruzicka, Michal Repik - PK : Tomas Tatar
Extra Defensemen
Normal : Mark Giordano, James Wisniewski, Alexandre Picard - PP : Victor Bartley - PK : Mark Giordano, Alexandre Picard
Penalty Shots
Petri Kontiola, Peter Olvecky, Alexandre Picard, James Wisniewski, Tomas Tatar
Atomiques
5 vs 5 Forward
Center Left Wing Right Wing Time % Phy DF OF
1 Logan Couture Brad Winchester John Zeiler 40 1 2 2
2 Tyler Brenner Linus Omark Ryan Shannon 30 1 2 2
3 Marc-André Cliche Andrew Kozek Nick Johnson 20 1 2 2
4 Brett Sutter Kenndal McArdle Mitch Callahan 10 1 2 2
5 vs 5 Defense
Defense Defense Time % Phy DF OF
1 Alexander Sulzer Davis Drewiske 40 1 2 2
2 Clayton Stoner Kyle Wharton 30 1 2 2
3 Scott Jackson Casey Borer 20 1 2 2
4 Roman Polak Mac Bennett 10 1 2 2
PowerPlay Forward
Center Left Wing Right Wing Time % Phy DF OF
1 Logan Couture Brad Winchester John Zeiler 60 1 2 2
2 Tyler Brenner Linus Omark Ryan Shannon 40 1 2 2
PowerPlay Defense
Defense Defense Time % Phy DF OF
1 Alexander Sulzer Davis Drewiske 60 1 2 2
2 Clayton Stoner Kyle Wharton 40 1 2 2
Penalty Kill 4 Players Forward
Center Wing Time % Phy DF OF
1 Brad Winchester Linus Omark 60 1 2 2
2 John Zeiler Logan Couture 40 1 2 2
Penalty Kill 4 Players Defense
Defense Defense Time % Phy DF OF
1 Alexander Sulzer Davis Drewiske 60 1 2 2
2 Clayton Stoner Kyle Wharton 40 1 2 2
Penalty Kill - 3 Players Forward
Forward Time % Phy DF OF
1 Brad Winchester 60 1 2 2
2 Linus Omark 40 1 2 2
Penalty Kill - 3 Players Defense
Defense Defense Time % Phy DF OF
1 Alexander Sulzer Davis Drewiske 60 1 2 2
2 Clayton Stoner Kyle Wharton 40 1 2 2
4 vs 4 Forward
Center Wing Time % Phy DF OF
1 Brad Winchester Linus Omark 60 1 2 2
2 John Zeiler Logan Couture 40 1 2 2
4 vs 4 Defense
Defense Defense Time % Phy DF OF
1 Alexander Sulzer Davis Drewiske 60 1 2 2
2 Clayton Stoner Kyle Wharton 40 1 2 2
Last Minutes Offensive
Center Left Wing Right Wing Defense Defense
Logan Couture Brad Winchester John Zeiler Alexander Sulzer Davis Drewiske
Last Minutes Defensive
Center Left Wing Right Wing Defense Defense
Logan Couture Brad Winchester John Zeiler Alexander Sulzer Davis Drewiske
Goaltenders
Starting : Alex Auld
Backup : Curtis McElhinney
Extra Forwards
Normal : Nick Johnson, Andrew Kozek, Kenndal McArdle - PP : Nick Johnson, Andrew Kozek - PK : Kenndal McArdle
Extra Defensemen
Normal : Scott Jackson, Casey Borer, Roman Polak - PP : Scott Jackson - PK : Casey Borer, Roman Polak
Penalty Shots
Brad Winchester, Linus Omark, John Zeiler, Logan Couture, Ryan Shannon
% Time on Ice - Harfangs
Lines # - Real PCT - Wanted PCT - Time Play
Normal Forward
1 - 36% - 40% - 17:13
2 - 28% - 30% - 13:19
3 - 21% - 20% - 10:17
4 - 15% - 10% - 7:21
Normal Defense
1 - 40% - 40% - 19:02
2 - 30% - 30% - 14:23
3 - 27% - 20% - 12:48
4 - 4% - 10% - 1:57
PP Forward
1 - 55% - 60% - 1:25
2 - 45% - 40% - 1:10
PP Defense
1 - 46% - 60% - 1:12
2 - 54% - 40% - 1:23
PK Forward
1 - 77% - 60% - 6:49
2 - 23% - 40% - 2:01
PK Defense
1 - 56% - 60% - 4:55
2 - 44% - 40% - 3:55
PK3 Forward
1 - 0% - 60%
2 - 0% - 40%
PK3 Defense
1 - 0% - 60%
2 - 0% - 40%
44 Forward
1 - 0% - 60%
2 - 0% - 40%
44 Defense
1 - 0% - 60%
2 - 0% - 40%
Last Minute Offensive - 0:00
Last Minute Defensive - 0:25
Total
Forward - 60:00
Defense - 60:00
|
% Time on Ice - Atomiques
Lines # - Real PCT - Wanted PCT - Time Play
Normal Forward
1 - 33% - 40% - 15:55
2 - 29% - 30% - 13:40
3 - 23% - 20% - 10:54
4 - 16% - 10% - 7:28
Normal Defense
1 - 50% - 40% - 23:47
2 - 26% - 30% - 12:23
3 - 17% - 20% - 8:18
4 - 7% - 10% - 3:29
PP Forward
1 - 53% - 60% - 4:43
2 - 47% - 40% - 4:07
PP Defense
1 - 88% - 60% - 7:49
2 - 12% - 40% - 1:01
PK Forward
1 - 81% - 60% - 2:06
2 - 19% - 40% - 0:29
PK Defense
1 - 100% - 60% - 2:35
2 - 0% - 40% - 0:00
PK3 Forward
1 - 0% - 60%
2 - 0% - 40%
PK3 Defense
1 - 0% - 60%
2 - 0% - 40%
44 Forward
1 - 0% - 60%
2 - 0% - 40%
44 Defense
1 - 0% - 60%
2 - 0% - 40%
Last Minute Offensive - 0:38
Last Minute Defensive - 0:00
Total
Forward - 60:00
Defense - 60:00
|
Play by Play
1st period
0:01 of 1st period - Petri Kontiola wins face-off versus Logan Couture in neutral zone.
0:48 of 1st period - Icing by Ryan Shannon.
0:49 of 1st period - Marc-André Cliche wins face-off versus Drew Shore in Atomiques zone.
1:20 of 1st period - Snap shot by Logan Couture.
1:20 of 1st period - Stopped by Robin Lehner with a rebound.
1:24 of 1st period - Slapshot by Logan Couture.
1:24 of 1st period - Stopped by Robin Lehner without a rebound.
1:25 of 1st period - Brett Sutter wins face-off versus Petri Kontiola in Harfangs zone.
1:31 of 1st period - Minor Penalty to Chris Kreider for High sticking.
1:32 of 1st period - Petri Kontiola wins face-off versus Logan Couture in Harfangs zone.
2:32 of 1st period - Snap shot by Brad Winchester.
2:32 of 1st period - Shot Misses the Net.
3:31 of 1st period - Penalty to Chris Kreider is over, Chris Kreider is back on ice.
4:33 of 1st period - Slapshot by Roman Wick.
4:33 of 1st period - Shot Blocked by Scott Jackson.
4:39 of 1st period - Sasha Pokulok is hit by Casey Borer.
5:20 of 1st period - Icing by Kenndal McArdle.
5:21 of 1st period - Brett Sutter wins face-off versus Alex Killorn in Atomiques zone.
5:26 of 1st period - Sasha Pokulok is hit by Mitch Callahan and loses puck.
5:56 of 1st period - Davis Drewiske is hit by Stefan Ruzicka and loses puck.
5:57 of 1st period - Davis Drewiske from Atomiques is injured at 5:57 of 1st period (Chest/Ribs).
5:58 of 1st period - Petri Kontiola wins face-off versus Logan Couture in Atomiques zone.
6:06 of 1st period - Icing by Alexander Sulzer.
6:07 of 1st period - Logan Couture wins face-off versus Chris Kreider in Atomiques zone.
7:05 of 1st period - Wrist shot by John Zeiler.
7:05 of 1st period - Shot Misses the Net.
7:07 of 1st period - Slapshot by Scott Jackson.
7:07 of 1st period - Stopped by Robin Lehner without a rebound.
7:08 of 1st period - Alex Killorn wins face-off versus Tyler Brenner in Harfangs zone.
7:22 of 1st period - James Wisniewski is hit by Ryan Shannon and loses puck.
8:01 of 1st period - Roman Polak is hit by Dustin Jeffrey and loses puck.
8:24 of 1st period - Snap shot by Kenndal McArdle.
8:24 of 1st period - Stopped by Robin Lehner with a rebound.
9:10 of 1st period - Drew Shore is hit by Alexander Sulzer and loses puck.
9:37 of 1st period - Snap shot by Peter Olvecky.
9:37 of 1st period - Stopped by Alex Auld without a rebound.
9:38 of 1st period - Tyler Brenner wins face-off versus Alex Killorn in Atomiques zone.
9:44 of 1st period - Off-side.
9:45 of 1st period - Petri Kontiola wins face-off versus Logan Couture in neutral zone.
10:11 of 1st period - Off-side.
10:12 of 1st period - Tyler Brenner wins face-off versus Alex Killorn in neutral zone.
10:19 of 1st period - Snap shot by Ryan Shannon.
10:19 of 1st period - Stopped by Robin Lehner with a rebound.
10:21 of 1st period - Snap shot by Tyler Brenner.
10:21 of 1st period - Shot Blocked by Andrew Orpik.
10:42 of 1st period - Slapshot by Stefan Ruzicka.
10:42 of 1st period - Stopped by Alex Auld with a rebound.
10:46 of 1st period - Wrist shot by Stefan Ruzicka.
10:46 of 1st period - Deflect By Chris Kreider.
10:46 of 1st period - Shot Blocked by Kyle Wharton.
10:46 of 1st period - Puck is out of play.
10:47 of 1st period - Marc-André Cliche wins face-off versus Petri Kontiola in Atomiques zone.
10:52 of 1st period - Snap shot by Chris Kreider.
10:52 of 1st period - Shot Blocked by Andrew Kozek.
10:54 of 1st period - Snap shot by Chris Kreider.
10:54 of 1st period - Stopped by Alex Auld without a rebound.
10:55 of 1st period - Marc-André Cliche wins face-off versus Petri Kontiola in Atomiques zone.
11:07 of 1st period - Snap shot by James Wisniewski.
11:07 of 1st period - Stopped by Alex Auld without a rebound.
11:08 of 1st period - Alex Killorn wins face-off versus Brad Winchester in Atomiques zone.
11:15 of 1st period - Wrist shot by Peter Olvecky.
11:15 of 1st period - Stopped by Alex Auld without a rebound.
11:16 of 1st period - Alex Killorn wins face-off versus Logan Couture in Atomiques zone.
11:44 of 1st period - Snap shot by Brad Winchester.
11:44 of 1st period - Stopped by Robin Lehner with a rebound.
12:02 of 1st period - James Wisniewski is hit by Logan Couture and loses puck.
12:15 of 1st period - Snap shot by Alex Killorn.
12:15 of 1st period - Stopped by Alex Auld without a rebound.
12:16 of 1st period - Tyler Brenner wins face-off versus Petri Kontiola in Atomiques zone.
12:16 of 1st period - Tyler Brenner is hit by Petri Kontiola.
12:23 of 1st period - Ryan Shannon is hit by Petri Kontiola and loses puck.
12:42 of 1st period - Andrew Kozek is hit by Drew Shore and loses puck.
13:05 of 1st period - Clayton Stoner is hit by Dustin Jeffrey and loses puck.
13:46 of 1st period - Slapshot by Linus Omark.
13:46 of 1st period - Shot Blocked by Andrew Orpik.
13:48 of 1st period - Slapshot by Scott Jackson.
13:48 of 1st period - Shot Misses the Net.
13:50 of 1st period - Snap shot by Linus Omark.
13:50 of 1st period - Shot Misses the Net.
13:52 of 1st period - Snap shot by Tyler Brenner.
13:52 of 1st period - Stopped by Robin Lehner without a rebound.
13:53 of 1st period - Logan Couture wins face-off versus Roman Wick in Harfangs zone.
13:56 of 1st period - Slapshot by Brad Winchester.
13:56 of 1st period - Stopped by Robin Lehner without a rebound.
13:57 of 1st period - Logan Couture wins face-off versus Alex Killorn in Harfangs zone.
14:01 of 1st period - Minor Penalty to Peter Olvecky for Hooking.
14:02 of 1st period - Petri Kontiola wins face-off versus Logan Couture in Harfangs zone.
14:12 of 1st period - Slapshot by Brad Winchester.
14:12 of 1st period - Goal by Brad Winchester - Harfangs : 0 - Atomiques : 1.
14:13 of 1st period - Logan Couture wins face-off versus Petri Kontiola in neutral zone.
14:16 of 1st period - Snap shot by John Zeiler.
14:16 of 1st period - Shot Blocked by Stefan Ruzicka.
14:22 of 1st period - John Zeiler is hit by Chris Kreider and loses puck.
14:39 of 1st period - John Zeiler is hit by Mark Giordano and loses puck.
14:52 of 1st period - Snap shot by Tomas Tatar.
14:52 of 1st period - Shot Blocked by Logan Couture.
15:08 of 1st period - Snap shot by Kyle Palmieri.
15:08 of 1st period - Goal by Kyle Palmieri - Harfangs : 1 - Atomiques : 1.
15:09 of 1st period - Stefan Ruzicka wins face-off versus Ryan Shannon in neutral zone.
15:25 of 1st period - Off-side.
15:26 of 1st period - Marc-André Cliche wins face-off versus Alex Killorn in neutral zone.
16:04 of 1st period - Roman Polak is hit by James Wisniewski and loses puck.
16:15 of 1st period - Stefan Ruzicka is hit by Tyler Brenner and loses puck.
16:32 of 1st period - Minor Penalty to Stefan Ruzicka for Roughing.
16:33 of 1st period - Logan Couture wins face-off versus Petri Kontiola in Harfangs zone.
16:36 of 1st period - Wrist shot by Logan Couture.
16:36 of 1st period - Shot Blocked by Alexandre Picard.
17:07 of 1st period - Icing by Ryan Shannon.
17:08 of 1st period - Tyler Brenner wins face-off versus Petri Kontiola in Atomiques zone.
17:19 of 1st period - Wrist shot by Ryan Shannon.
17:19 of 1st period - Stopped by Robin Lehner with a rebound.
17:47 of 1st period - Snap shot by Ryan Shannon.
17:47 of 1st period - Stopped by Robin Lehner with a rebound.
17:55 of 1st period - Snap shot by Linus Omark.
17:55 of 1st period - Shot Blocked by Dustin Jeffrey.
18:01 of 1st period - Snap shot by Ryan Shannon.
18:01 of 1st period - Deflect By Mark Giordano.
18:01 of 1st period - Shot Misses the Net.
18:01 of 1st period - Puck is out of play.
18:02 of 1st period - Brad Winchester wins face-off versus Petri Kontiola in Harfangs zone.
18:05 of 1st period - Snap shot by Brad Winchester.
18:05 of 1st period - Stopped by Robin Lehner without a rebound.
18:06 of 1st period - John Zeiler wins face-off versus Petri Kontiola in Harfangs zone.
18:32 of 1st period - Penalty to Stefan Ruzicka is over, Stefan Ruzicka is back on ice.
18:38 of 1st period - Icing by Stefan Ruzicka.
18:39 of 1st period - Marc-André Cliche wins face-off versus Alex Killorn in Harfangs zone.
18:42 of 1st period - Slapshot by Marc-André Cliche.
18:42 of 1st period - Shot Misses the Net.
18:44 of 1st period - Slapshot by Andrew Kozek.
18:44 of 1st period - Stopped by Robin Lehner without a rebound.
18:45 of 1st period - Marc-André Cliche wins face-off versus Alex Killorn in Harfangs zone.
18:46 of 1st period - Wrist shot by Nick Johnson.
18:46 of 1st period - Shot Misses the Net.
18:54 of 1st period - Nick Johnson is hit by Alex Killorn and loses puck.
19:15 of 1st period - Off-side.
19:16 of 1st period - Petri Kontiola wins face-off versus Logan Couture in neutral zone.
19:19 of 1st period - Slapshot by Mark Giordano.
19:19 of 1st period - Stopped by Alex Auld without a rebound.
19:20 of 1st period - Petri Kontiola wins face-off versus Logan Couture in Atomiques zone.
19:23 of 1st period - Wrist shot by Stefan Ruzicka.
19:23 of 1st period - Stopped by Alex Auld with a rebound.
19:54 of 1st period - Icing by Mark Giordano.
19:55 of 1st period - Petri Kontiola wins face-off versus Tyler Brenner in Harfangs zone.
Goals for this period are 1 for Harfangs vs 1 for Atomiques.
Shots for this period are 9 for Harfangs vs 13 for Atomiques.
2nd period
0:01 of 2nd period - Tyler Brenner wins face-off versus Petri Kontiola in neutral zone.
0:32 of 2nd period - Brad Winchester is hit by Peter Olvecky and loses puck.
0:53 of 2nd period - Snap shot by Brett Sutter.
0:53 of 2nd period - Deflect By Kenndal McArdle.
0:53 of 2nd period - Shot Misses the Net.
0:53 of 2nd period - Puck is out of play.
0:54 of 2nd period - Petri Kontiola wins face-off versus Mitch Callahan in Harfangs zone.
0:59 of 2nd period - Snap shot by Stefan Ruzicka.
0:59 of 2nd period - Shot Blocked by Alexander Sulzer.
0:59 of 2nd period - Alexander Sulzer from Atomiques is injured at 0:59 of 2nd period (Groin).
1:00 of 2nd period - Petri Kontiola wins face-off versus Logan Couture in Atomiques zone.
1:05 of 2nd period - Slapshot by Chris Kreider.
1:05 of 2nd period - Shot Misses the Net.
1:13 of 2nd period - Wrist shot by Logan Couture.
1:13 of 2nd period - Shot Misses the Net.
1:15 of 2nd period - Wrist shot by John Zeiler.
1:15 of 2nd period - Stopped by Robin Lehner without a rebound.
1:16 of 2nd period - Alex Killorn wins face-off versus Tyler Brenner in Harfangs zone.
1:48 of 2nd period - Wrist shot by Logan Couture.
1:48 of 2nd period - Stopped by Robin Lehner with a rebound.
1:50 of 2nd period - Snap shot by Scott Jackson.
1:50 of 2nd period - Shot Blocked by Stefan Ruzicka.
1:52 of 2nd period - Snap shot by Brad Winchester.
1:52 of 2nd period - Shot Blocked by Stefan Ruzicka.
2:06 of 2nd period - Backhand shot by James Wisniewski.
2:06 of 2nd period - Deflect By Drew Shore.
2:06 of 2nd period - Shot Blocked by Kyle Wharton.
2:06 of 2nd period - Puck is out of play.
2:07 of 2nd period - Tyler Brenner wins face-off versus Drew Shore in Atomiques zone.
2:17 of 2nd period - Slapshot by Mark Giordano.
2:17 of 2nd period - Shot Misses the Net.
2:19 of 2nd period - Wrist shot by Tomas Tatar.
2:19 of 2nd period - Shot Misses the Net.
2:21 of 2nd period - Slapshot by Mark Giordano.
2:21 of 2nd period - Stopped by Alex Auld with a rebound.
2:30 of 2nd period - Slapshot by Mark Giordano.
2:30 of 2nd period - Shot Misses the Net.
2:32 of 2nd period - Snap shot by Drew Shore.
2:32 of 2nd period - Stopped by Alex Auld without a rebound.
2:33 of 2nd period - Petri Kontiola wins face-off versus Logan Couture in Atomiques zone.
2:42 of 2nd period - Wrist shot by Stefan Ruzicka.
2:42 of 2nd period - Deflect By Chris Kreider.
2:42 of 2nd period - Stopped by Alex Auld with a rebound.
2:44 of 2nd period - Snap shot by Chris Kreider.
2:44 of 2nd period - Shot Misses the Net.
2:46 of 2nd period - Wrist shot by Chris Kreider.
2:46 of 2nd period - Deflect By Stefan Ruzicka.
2:46 of 2nd period - Stopped by Alex Auld with a rebound.
2:48 of 2nd period - Slapshot by Petri Kontiola.
2:48 of 2nd period - Stopped by Alex Auld with a rebound.
4:05 of 2nd period - Snap shot by Ryan Shannon.
4:05 of 2nd period - Shot Blocked by Alex Killorn.
4:07 of 2nd period - Snap shot by Linus Omark.
4:07 of 2nd period - Shot Misses the Net.
4:09 of 2nd period - Snap shot by Linus Omark.
4:09 of 2nd period - Shot Misses the Net.
4:11 of 2nd period - Wrist shot by Kyle Wharton.
4:11 of 2nd period - Shot Misses the Net.
4:39 of 2nd period - Roman Wick is hit by Tyler Brenner and loses puck.
4:48 of 2nd period - Wrist shot by Linus Omark.
4:48 of 2nd period - Stopped by Robin Lehner with a rebound.
4:50 of 2nd period - Wrist shot by Ryan Shannon.
4:50 of 2nd period - Stopped by Robin Lehner with a rebound.
4:52 of 2nd period - Slapshot by Linus Omark.
4:52 of 2nd period - Stopped by Robin Lehner with a rebound.
4:54 of 2nd period - Snap shot by Linus Omark.
4:54 of 2nd period - Stopped by Robin Lehner without a rebound.
4:55 of 2nd period - Logan Couture wins face-off versus Petri Kontiola in Harfangs zone.
5:28 of 2nd period - Snap shot by Marc-André Cliche.
5:28 of 2nd period - Shot Misses the Net.
5:55 of 2nd period - Slapshot by Mark Giordano.
5:55 of 2nd period - Stopped by Alex Auld with a rebound.
7:01 of 2nd period - Clayton Stoner is hit by Alexandre Picard and loses puck.
7:47 of 2nd period - Andrew Kozek is hit by Alex Killorn and loses puck.
8:04 of 2nd period - Tomas Tatar is hit by Kyle Wharton and loses puck.
8:25 of 2nd period - Icing by Kenndal McArdle.
8:26 of 2nd period - Logan Couture wins face-off versus Dustin Jeffrey in Atomiques zone.
8:51 of 2nd period - Ryan Shannon is hit by Alex Killorn and loses puck.
9:00 of 2nd period - Snap shot by Roman Wick.
9:00 of 2nd period - Shot Blocked by Tyler Brenner.
9:16 of 2nd period - Wrist shot by Brett Sutter.
9:16 of 2nd period - Stopped by Robin Lehner with a rebound.
9:49 of 2nd period - Scott Jackson is hit by Mark Giordano and loses puck.
10:06 of 2nd period - Snap shot by Brett Sutter.
10:06 of 2nd period - Shot Misses the Net.
10:18 of 2nd period - Snap shot by Kenndal McArdle.
10:18 of 2nd period - Stopped by Robin Lehner without a rebound.
10:19 of 2nd period - Petri Kontiola wins face-off versus Logan Couture in Harfangs zone.
10:21 of 2nd period - Minor Penalty to Chris Kreider for Hooking.
10:22 of 2nd period - Logan Couture wins face-off versus Petri Kontiola in Harfangs zone.
10:48 of 2nd period - Snap shot by Peter Olvecky.
10:48 of 2nd period - Stopped by Alex Auld without a rebound.
10:49 of 2nd period - Petri Kontiola wins face-off versus Tyler Brenner in Atomiques zone.
11:04 of 2nd period - Snap shot by Ryan Shannon.
11:04 of 2nd period - Goal by Ryan Shannon - Harfangs : 1 - Atomiques : 2.
11:05 of 2nd period - Petri Kontiola wins face-off versus Logan Couture in neutral zone.
11:08 of 2nd period - Slapshot by Alexandre Picard.
11:08 of 2nd period - Deflect By Stefan Ruzicka.
11:08 of 2nd period - Stopped by Alex Auld without a rebound.
11:09 of 2nd period - Stefan Ruzicka wins face-off versus Logan Couture in Atomiques zone.
11:10 of 2nd period - Slapshot by Chris Kreider.
11:10 of 2nd period - Deflect By Scott Jackson.
11:10 of 2nd period - Shot Misses the Net.
11:10 of 2nd period - Puck is out of play.
11:11 of 2nd period - Logan Couture wins face-off versus Stefan Ruzicka in Atomiques zone.
11:20 of 2nd period - Wrist shot by Stefan Ruzicka.
11:20 of 2nd period - Shot Blocked by Scott Jackson.
11:22 of 2nd period - Wrist shot by Chris Kreider.
11:22 of 2nd period - Stopped by Alex Auld with a rebound.
11:24 of 2nd period - Snap shot by Stefan Ruzicka.
11:24 of 2nd period - Goal by Stefan Ruzicka - Harfangs : 2 - Atomiques : 2.
11:25 of 2nd period - Petri Kontiola wins face-off versus Logan Couture in neutral zone.
11:27 of 2nd period - Off-side.
11:28 of 2nd period - Logan Couture wins face-off versus Petri Kontiola in neutral zone.
11:37 of 2nd period - Wrist shot by Brad Winchester.
11:37 of 2nd period - Stopped by Robin Lehner with a rebound.
11:57 of 2nd period - Wrist shot by Andrew Kozek.
11:57 of 2nd period - Stopped by Robin Lehner with a rebound.
12:21 of 2nd period - Off-side.
12:22 of 2nd period - Logan Couture wins face-off versus Alex Killorn in neutral zone.
12:49 of 2nd period - Linus Omark is hit by Tomas Tatar and loses puck.
12:58 of 2nd period - Wrist shot by Tomas Tatar.
12:58 of 2nd period - Stopped by Alex Auld with a rebound.
13:00 of 2nd period - Slapshot by Sasha Pokulok.
13:00 of 2nd period - Shot Blocked by Clayton Stoner.
13:32 of 2nd period - Slapshot by Alexandre Picard.
13:32 of 2nd period - Shot Blocked by Scott Jackson.
13:34 of 2nd period - Slapshot by Stefan Ruzicka.
13:34 of 2nd period - Stopped by Alex Auld with a rebound.
13:46 of 2nd period - Minor Penalty to Scott Jackson for Interference.
13:47 of 2nd period - Petri Kontiola wins face-off versus Brad Winchester in Atomiques zone.
14:32 of 2nd period - Stefan Ruzicka is hit by John Zeiler and loses puck.
14:39 of 2nd period - Casey Borer is hit by Chris Kreider and loses puck.
15:16 of 2nd period - Victor Bartley is hit by Andrew Kozek.
15:46 of 2nd period - Penalty to Scott Jackson is over, Scott Jackson is back on ice.
16:06 of 2nd period - Sasha Pokulok is hit by Nick Johnson and loses puck.
16:23 of 2nd period - Sasha Pokulok is hit by Linus Omark and loses puck.
16:41 of 2nd period - Icing by Andrew Orpik.
16:42 of 2nd period - Drew Shore wins face-off versus Logan Couture in Harfangs zone.
17:07 of 2nd period - Alex Killorn is hit by Marc-André Cliche and loses puck.
17:25 of 2nd period - Minor Penalty to Petri Kontiola for Interference.
17:26 of 2nd period - Tomas Tatar wins face-off versus Logan Couture in Harfangs zone.
18:00 of 2nd period - Slapshot by Scott Jackson.
18:00 of 2nd period - Deflect By Sasha Pokulok.
18:00 of 2nd period - Stopped by Robin Lehner with a rebound.
18:02 of 2nd period - Slapshot by Linus Omark.
18:02 of 2nd period - Stopped by Robin Lehner with a rebound.
18:43 of 2nd period - Icing by Clayton Stoner.
18:44 of 2nd period - Drew Shore wins face-off versus Logan Couture in Atomiques zone.
19:25 of 2nd period - Penalty to Petri Kontiola is over, Petri Kontiola is back on ice.
19:57 of 2nd period - Peter Olvecky is hit by Brett Sutter and loses puck.
Goals for this period are 1 for Harfangs vs 1 for Atomiques.
Shots for this period are 12 for Harfangs vs 13 for Atomiques.
3rd period
0:01 of 3rd period - Petri Kontiola wins face-off versus Logan Couture in neutral zone.
0:35 of 3rd period - Wrist shot by Peter Olvecky.
0:35 of 3rd period - Shot Misses the Net.
0:52 of 3rd period - Snap shot by Kyle Palmieri.
0:52 of 3rd period - Stopped by Alex Auld with a rebound.
1:32 of 3rd period - Slapshot by Logan Couture.
1:32 of 3rd period - Shot Blocked by Sasha Pokulok.
1:34 of 3rd period - Slapshot by Casey Borer.
1:34 of 3rd period - Shot Blocked by Tomas Tatar.
1:36 of 3rd period - Snap shot by Brad Winchester.
1:36 of 3rd period - Shot Misses the Net.
1:38 of 3rd period - Slapshot by Brad Winchester.
1:38 of 3rd period - Stopped by Robin Lehner with a rebound.
1:40 of 3rd period - Slapshot by Casey Borer.
1:40 of 3rd period - Shot Misses the Net.
1:58 of 3rd period - Wrist shot by Brett Sutter.
1:58 of 3rd period - Stopped by Robin Lehner with a rebound.
2:00 of 3rd period - Slapshot by Kyle Wharton.
2:00 of 3rd period - Stopped by Robin Lehner without a rebound.
2:01 of 3rd period - Petri Kontiola wins face-off versus Logan Couture in Harfangs zone.
2:01 of 3rd period - Petri Kontiola is hit by John Zeiler.
2:07 of 3rd period - Wrist shot by John Zeiler.
2:07 of 3rd period - Shot Misses the Net.
2:09 of 3rd period - Snap shot by Brad Winchester.
2:09 of 3rd period - Shot Blocked by Alexandre Picard.
2:11 of 3rd period - Snap shot by Brad Winchester.
2:11 of 3rd period - Shot Misses the Net.
2:13 of 3rd period - Snap shot by John Zeiler.
2:13 of 3rd period - Shot Misses the Net.
2:17 of 3rd period - Slapshot by Brad Winchester.
2:17 of 3rd period - Shot Blocked by Alexandre Picard.
2:33 of 3rd period - Slapshot by James Wisniewski.
2:33 of 3rd period - Shot Blocked by Nick Johnson.
3:16 of 3rd period - Slapshot by Mark Giordano.
3:16 of 3rd period - Shot Misses the Net.
3:44 of 3rd period - Logan Couture is hit by Peter Olvecky and loses puck.
4:07 of 3rd period - Off-side.
4:08 of 3rd period - Petri Kontiola wins face-off versus Brett Sutter in neutral zone.
4:21 of 3rd period - Wrist shot by Brett Sutter.
4:21 of 3rd period - Stopped by Robin Lehner with a rebound.
4:42 of 3rd period - Wrist shot by Alex Killorn.
4:42 of 3rd period - Shot Misses the Net.
4:59 of 3rd period - Brad Winchester is hit by Brandon Pirri and loses puck.
5:23 of 3rd period - Chris Kreider is hit by Brad Winchester and loses puck.
5:30 of 3rd period - James Wisniewski is hit by John Zeiler and loses puck.
5:49 of 3rd period - Scott Jackson is hit by Drew Shore and loses puck.
6:04 of 3rd period - Wrist shot by Marc-André Cliche.
6:04 of 3rd period - Shot Blocked by Mark Giordano.
6:45 of 3rd period - Mark Giordano is hit by Tyler Brenner and loses puck.
6:53 of 3rd period - Casey Borer is hit by Petri Kontiola and loses puck.
7:28 of 3rd period - Mitch Callahan is hit by Alexandre Picard and loses puck.
7:33 of 3rd period - Slapshot by Alex Killorn.
7:33 of 3rd period - Deflect By Peter Olvecky.
7:33 of 3rd period - Stopped by Alex Auld with a rebound.
7:35 of 3rd period - Wrist shot by Roman Wick.
7:35 of 3rd period - Stopped by Alex Auld with a rebound.
8:10 of 3rd period - Snap shot by Stefan Ruzicka.
8:10 of 3rd period - Stopped by Alex Auld without a rebound.
8:11 of 3rd period - John Zeiler wins face-off versus Petri Kontiola in Atomiques zone.
8:22 of 3rd period - Wrist shot by Stefan Ruzicka.
8:22 of 3rd period - Shot Misses the Net.
8:24 of 3rd period - Snap shot by Victor Bartley.
8:24 of 3rd period - Stopped by Alex Auld without a rebound.
8:25 of 3rd period - Tyler Brenner wins face-off versus Alex Killorn in Atomiques zone.
9:15 of 3rd period - Slapshot by James Wisniewski.
9:15 of 3rd period - Deflect By Drew Shore.
9:15 of 3rd period - Stopped by Alex Auld with a rebound.
9:17 of 3rd period - Wrist shot by Tomas Tatar.
9:17 of 3rd period - Stopped by Alex Auld with a rebound.
9:19 of 3rd period - Snap shot by Drew Shore.
9:19 of 3rd period - Stopped by Alex Auld with a rebound.
9:21 of 3rd period - Wrist shot by Tomas Tatar.
9:21 of 3rd period - Shot Hit the Post.
9:23 of 3rd period - Snap shot by Drew Shore.
9:23 of 3rd period - Shot Blocked by Casey Borer.
9:47 of 3rd period - Mitch Callahan is hit by Kyle Palmieri.
10:04 of 3rd period - Sasha Pokulok is hit by Roman Polak and loses puck.
10:25 of 3rd period - Slapshot by Mark Giordano.
10:25 of 3rd period - Shot Misses the Net.
10:27 of 3rd period - Slapshot by Mark Giordano.
10:27 of 3rd period - Shot Blocked by John Zeiler.
10:29 of 3rd period - Wrist shot by Drew Shore.
10:29 of 3rd period - Stopped by Alex Auld without a rebound.
10:30 of 3rd period - Logan Couture wins face-off versus Petri Kontiola in Atomiques zone.
10:37 of 3rd period - Snap shot by Stefan Ruzicka.
10:37 of 3rd period - Goal by Stefan Ruzicka - Harfangs : 3 - Atomiques : 2.
10:38 of 3rd period - Petri Kontiola wins face-off versus Logan Couture in neutral zone.
11:45 of 3rd period - Icing by Scott Jackson.
11:46 of 3rd period - Petri Kontiola wins face-off versus Tyler Brenner in Atomiques zone.
11:57 of 3rd period - Slapshot by Casey Borer.
11:57 of 3rd period - Deflect By Linus Omark.
11:57 of 3rd period - Shot Misses the Net.
11:57 of 3rd period - Puck is out of play.
11:58 of 3rd period - Petri Kontiola wins face-off versus Marc-André Cliche in Harfangs zone.
12:56 of 3rd period - Snap shot by Logan Couture.
12:56 of 3rd period - Stopped by Robin Lehner with a rebound.
12:58 of 3rd period - Wrist shot by Clayton Stoner.
12:58 of 3rd period - Deflect By Tomas Tatar.
12:58 of 3rd period - Stopped by Robin Lehner with a rebound.
13:27 of 3rd period - Snap shot by Stefan Ruzicka.
13:27 of 3rd period - Stopped by Alex Auld with a rebound.
14:45 of 3rd period - Brandon Pirri is hit by Nick Johnson.
14:49 of 3rd period - Sasha Pokulok is hit by Clayton Stoner and loses puck.
15:03 of 3rd period - Off-side.
15:04 of 3rd period - Brett Sutter wins face-off versus Petri Kontiola in neutral zone.
15:10 of 3rd period - Minor Penalty to Alexandre Picard for Interference.
15:11 of 3rd period - Petri Kontiola wins face-off versus Logan Couture in Harfangs zone.
17:01 of 3rd period - Casey Borer is hit by Andrew Orpik and loses puck.
17:10 of 3rd period - Penalty to Alexandre Picard is over, Alexandre Picard is back on ice.
17:22 of 3rd period - Snap shot by Alexandre Picard.
17:22 of 3rd period - Stopped by Alex Auld with a rebound.
17:24 of 3rd period - Slapshot by Mark Giordano.
17:24 of 3rd period - Stopped by Alex Auld with a rebound.
18:10 of 3rd period - Ryan Shannon is hit by Peter Olvecky and loses puck.
18:23 of 3rd period - Brad Winchester is hit by Chris Kreider and loses puck.
18:28 of 3rd period - Wrist shot by Stefan Ruzicka.
18:28 of 3rd period - Stopped by Alex Auld without a rebound.
18:29 of 3rd period - Tyler Brenner wins face-off versus Petri Kontiola in Atomiques zone.
18:42 of 3rd period - Tyler Brenner is hit by Alex Killorn.
18:52 of 3rd period - Sasha Pokulok is hit by Logan Couture and loses puck.
19:03 of 3rd period - Atomiques, Alex Auld is pulled from the net.
19:21 of 3rd period - Wrist shot by Petri Kontiola.
19:21 of 3rd period - Shot Blocked by Logan Couture.
19:23 of 3rd period - Minor Penalty to Mac Bennett for Tripping.
19:24 of 3rd period - Alex Auld from Atomiques was sent back in the game.
19:24 of 3rd period - Brad Winchester wins face-off versus Stefan Ruzicka in Atomiques zone.
Goals for this period are 1 for Harfangs vs 0 for Atomiques.
Shots for this period are 14 for Harfangs vs 6 for Atomiques.
Output by the SimonT Hockey Simulator (STHS) for François Prévost -- Original Page W3C XHTML 1.0 Valid